 Dungeon Crawl Stone Soup version 0.30.0-13-g156ef70053 (webtiles) character file.

Game seed: 9193478902566099212

43 gelatine the Firebug (level 3, -6/25 HPs)
             Began as a Demonspawn Fire Elementalist on May 17, 2023.
             Killed themself with a badly aimed concussive blast (8 damage)
             ... on level 2 of the Dungeon.
             The game lasted 00:07:24 (2145 turns).

gelatine the Firebug (Demonspawn Fire Elementalist) Turns: 2145, Time: 00:07:25

Health: -6/25      AC:  4    Str:  8    XL:     3   Next: 37%
Magic:  1/6        EV: 12    Int: 18    God:
Gold:   64         SH:  0    Dex: 19    Spells: 0/6 levels left

rFire   . . .        c - +4 short sword
rCold   + . .        (no shield)
rNeg    . . .        a - +0 robe
rPois   .            (no helmet)
rElec   .            (no cloak)
rCorr   .            (no gloves)
SInv    .            (no boots)
Will    .....        (no amulet)
Stlth   ++           e - ring of protection from cold
HPRegen 0.24/turn    f - +6 ring of dexterity
MPRegen 0.10/turn

%: no passive effects
@: no status effects
A: icy blue scales 1, demonic touch 1
a: no special abilities


You were on level 2 of the Dungeon.
You visited 1 branch of the dungeon, and saw 3 of its levels.

You collected 64 gold pieces.

Inventory:

Hand Weapons
 c - a +4 short sword (weapon)
Armour
 a - a +0 robe (worn)
Jewellery
 e - a ring of protection from cold (left hand)
 f - a +6 ring of dexterity (right hand)
 i - a ring of positive energy
Wands
 q - a wand of flame (26)
Scrolls
 d - a scroll of fear {unknown}
 g - a scroll of teleportation {unknown}
 h - a scroll of silence {unknown}
 j - a scroll of enchant weapon {unknown}
 k - a scroll of acquirement {unknown}
 l - a scroll of vulnerability {unknown}
 m - a scroll of torment {unknown}
 p - a scroll of poison {unknown}
Potions
 b - 2 potions of magic
 n - 2 potions of attraction
 o - 2 potions of flight


   Skills:
 * Level 0.3 Fighting
 * Level 2.0 Dodging
 + Level 1.8 Stealth
 * Level 2.4 Spellcasting
 * Level 1.3 Conjurations
 * Level 3.4 Fire Magic


You couldn't memorise any spells.
You knew the following spells:

 Your Spells              Type           Power      Damage    Failure   Level
a - Foxfire               Conj/Fire      40%        2x1d6     6%          1
b - Scorch                Fire           28%        2d6       6%          2
c - Volatile Blastmotes   Fire/Tloc      16%        2d11      26%         3

Your spell library contained the following spells:

 Spells                   Type           Power      Damage    Failure   Level
 Cigotuvi's Dreadful Rot  Necr/Pois/Air  4%         N/A       26%         2
 Inner Flame              Hex/Fire       8%         N/A       26%         3
 Flame Wave               Conj/Fire      10%        2d6       54%         4
 Dispel Undead            Necr           2%         3d7       86%         4
 Death Channel            Necr           1%         N/A       100%        6


Dungeon Overview and Level Annotations

Branches:
Dungeon (3/15)

Altars:

Annotations:
D:2 Sigmund


Innate Abilities, Weirdness & Mutations

You are partially covered in icy blue scales. (AC +2)
Your touch may inflict minor irresistible damage on your foes.


Message History

The cloud of blastmotes explodes!
The concussive blast engulfs Sigmund!
Sigmund is heavily wounded.
Casting: Volatile Blastmotes (extremely dangerous; 26% risk of failure)
Confirm with . or Enter, or press ? or * to list all spells.
You don't know that spell.
Casting: Volatile Blastmotes (extremely dangerous; 26% risk of failure)
Confirm with . or Enter, or press ? or * to list all spells.
Flames lash Sigmund.
Sigmund is severely wounded.
Sigmund's fire resistance burns away.
Sigmund points at you and mumbles some strange words.
The puff of flame misses you.
Casting: Scorch (safe; 6% risk of failure)
Confirm with . or Enter, or press ? or * to list all spells.
You don't have enough magic to cast this spell.
Sigmund is no longer more vulnerable to fire.
Sigmund gestures wildly while chanting.
Sigmund flickers and vanishes!
Deactivating autopickup; reactivate with Ctrl-A.
Something tries to affect you, but you resist.
A magic dart appears from out of thin air!
The magic dart hits you.
A puff of flame appears from out of thin air!
The puff of flame hits you!
You are confused.
You bump into the rock wall.
You're too confused to move!
You're too confused to move!
You bump into the rock wall.
You feel less confused. Something hits you.
Casting: Scorch (safe; 6% risk of failure)
Confirm with . or Enter, or press ? or * to list all spells.
The spell is extremely dangerous to miscast (26% risk of failure)!
Continue anyway?
A cloud of volatile blastmotes flares up around you!
A puff of flame appears from out of thin air!
The puff of flame hits you!
* * * LOW HITPOINT WARNING * * *
The cloud of blastmotes explodes!
The concussive blast engulfs you!
You die...

..#.# #.##.####.#.# # ....#
#.##........# # .##.#
#.######...## # .##.# #.# ##.## #
.##.# #.# #.# # .##.# #.# #.#
######## .##.# #.# #.## ........
.##.####.#######..#####.#########
...>...#........@.......# #
###...........##.##.##### #
#.....####..##.##.######### ##
#####.# #.....{........... .. #.#
#...#.##....##### #. #.#
#.....##.#..#### #. #.#
#..............######. #.#
#.###.##.##.##........ #.#
##.##..##.##.##..#####.


There were no monsters in sight!

Vanquished Creatures
  A dart slug (D:1)
  3 ball pythons
  5 endoplasms (D:1)
  4 giant cockroaches
  6 goblins
  2 hobgoblins
  A jackal (D:1)
  3 kobolds
  A quokka (D:1)
  6 bats (D:1)
  A frilled lizard (D:1)
  5 rats
38 creatures vanquished.

Vanquished Creatures (others)
  124 foxfires
124 creatures vanquished.

Grand Total: 162 creatures vanquished

Notes
Turn   | Place    | Note
-------+----------+-------------------------------------------
     0 | D:1      | gelatine the Demonspawn Fire Elementalist began the quest
                  | for the Orb.
     0 | D:1      | Reached XP level 1. HP: 13/13 MP: 3/3
   288 | D:1      | Gained mutation: Your touch may inflict minor irresistible
                  | damage on your foes. [demonic ancestry]
   288 | D:1      | Reached XP level 2. HP: 19/19 MP: 0/5
   289 | D:1      | Reached skill level 3 in Fire Magic
  1028 | D:1      | Gained mutation: You are partially covered in icy blue
                  | scales. (AC +2) [demonic ancestry]
  1028 | D:1      | Reached XP level 3. HP: 24/24 MP: 2/6
  1705 | D:2      | Noticed Sigmund
  1771 | D:1      | Learned a level 2 spell: Scorch
  1775 | D:1      | Learned a level 3 spell: Volatile Blastmotes
  2145 | D:2      | Killed themself with a badly aimed concussive blast

Illustrated notes

Levels and vault maps discovered:
D:1:      elethiomel_arrival_fortress_basement, layout_basic, st_stairs_5,
          minmay_split_cup_small
D:2:      layout_loops_ring, hangedman_abyss_or_decor_lesser_grid, uniq_sigmund
D:3:      layout_basic, serial_shops, shop, ebering_ghost_sewer_d,
          serial_aquarium, aquarium_bridge_long_joined
          [aquarium_subvault_bridge, aquarium_subvault_wall,
          aquarium_subvault_window, aquarium_subvault_balcony,
          aquarium_subvault_window, aquarium_subvault_bridge],
          aquarium_window_corridor_3, aquarium_window_1, aquarium_view_2d,
          aquarium_view_2f, supply_closet_lemuel

Skill      XL: |  1  2 |
---------------+-------+-----
Fire Magic     | 3 |  3.4
Dodging        | 2 |  2.0
Fighting       | |  0.3
Stealth        | |  1.8
Spellcasting   | |  2.4
Conjurations   | |  1.3

Action                     || total
---------------------------++-------
  Melee: Short sword       ||     9
         Unarmed           ||     1
         Touch             ||     1
   Cast: Foxfire           ||    77
         Scorch            ||     3
         Volatile Blastmot ||     3
    Use: Scroll            ||     2
         Potion            ||     1
   Stab: Sleeping          ||     1
 Armour: Robe              ||     9
  Dodge: Dodged            ||    17
